 Dungeon Crawl Stone Soup version 0.30.1 (webtiles) character file.

Game seed: 15990300543951449212

57893 cdecastro the Basher (level 14, -8/136 HPs)
             Began as a Troll Fighter on July 3, 2023.
             Was a High Priest of the Shining One.
             Mangled by an orc knight
             ... wielding a +2 bardiche of venom
              (13 damage)
             ... on level 2 of the Orcish Mines.
             The game lasted 00:58:57 (17154 turns).

cdecastro the Basher (Troll Fighter)               Turns: 17154, Time: 00:58:57

Health: -8/136     AC: 12    Str: 27    XL:     14   Next: 47%
Magic:  21/21      EV: 10    Int:  4    God:    the Shining One [*****.]
Gold:   1433       SH:  8    Dex: 13    Spells: 13/13 levels left

rFire   + . .        a - +4 flail (elec)
rCold   + . .        c - +0 kite shield
rNeg    + + .        R - +0 troll leather armour
rPois   .            x - +1 hat
rElec   .            C - scarf {rC+ rF+}
rCorr   +            (gloves unavailable)
SInv    .            (boots unavailable)
Will    +....        N - amulet of the acrobat
Stlth   +            g - +4 ring of protection
HPRegen 2.02/turn    W - ring of resist corrosion
MPRegen 0.17/turn

%: acrobat
@: lethally poisoned (-8 -> -19), glowing, studying Unarmed Combat
A: large, unfitting armour, claws 3, regeneration 1, shaggy fur 1, tough skin 1
a: Renounce Religion, Divine Shield, Cleansing Flame, Summon Divine Warrior


You were on level 2 of the Orcish Mines.
You worshipped the Shining One.
The Shining One was extremely pleased with you.
You visited 3 branches of the dungeon, and saw 18 of its levels.

You collected 2465 gold pieces.
You spent 1032 gold pieces at shops.

Inventory:

Hand Weapons
 a - a +4 flail of electrocution (weapon)
 q - a +3 giant spiked club
 U - a +1 war axe of venom
Missiles
 j - 57 poisoned darts (quivered)
 m - 9 boomerangs
 n - a boomerang of dispersal
 u - 2 silver boomerangs
 y - 2 curare-tipped darts
 F - 29 large rocks
Armour
 b - a +1 robe of willpower
 c - a +0 kite shield (worn)
 r - a +0 robe of resistance
 x - a +1 hat (worn)
 C - a scarf of resistance (worn)
 R - a +0 troll leather armour (worn)
Jewellery
 g - a +4 ring of protection (left claw)
 A - the ring of Edouf {Wiz Fly Str+3 Int+4}
   (You found it on level 5 of the Dungeon)

   [ring of wizardry]

   It improves your spell success rate.
   Str:       It affects your strength (+3).
   Int:       It affects your intelligence (+4).
   Fly:       It grants you flight.
 N - an amulet of the acrobat (around neck)
 W - a ring of resist corrosion (right claw)
Wands
 l - a wand of digging (3)
 p - a wand of roots (38)
 w - a wand of polymorph (10)
 S - a wand of flame (6)
 Z - a wand of charming (4)
Scrolls
 e - 6 scrolls of identify
 i - 2 scrolls of silence
 o - a scroll of poison
 z - 3 scrolls of immolation
 B - a scroll of enchant armour
 D - 2 scrolls of blinking
 E - 2 scrolls of summoning
 G - 4 scrolls of magic mapping
 J - a scroll of fear
 K - 3 scrolls of fog
 L - a scroll of vulnerability
 Y - 4 scrolls of teleportation
Potions
 d - 3 potions of might
 f - 3 potions of haste
 h - 4 potions of lignification
 k - 6 potions of curing
 s - 2 potions of magic
 t - 4 potions of cancellation
 v - 7 potions of attraction
 H - 2 potions of brilliance
 Q - 3 potions of ambrosia
 T - a potion of invisibility
Miscellaneous
 I - a condenser vane
 O - a lightning rod (4/4)


   Skills:
 - Level 8.0 Fighting
 + Level 14.5 Maces & Flails
 - Level 8.0 Throwing
 - Level 7.3 Armour
 * Level 6.1 Dodging
 - Level 2.6 Shields
 - Level 11.5 Invocations


You had 13 spell levels left.
You didn't know any spells.
Your spell library contained the following spells:

 Spells                   Type           Power      Damage    Failure   Level
 Foxfire                  Conj/Fire      0%         2x1d4     78%         1
 Sting                    Tmut/Pois      0%         1d3       78%         1
 Summon Small Mammal      Summ           0%         N/A       78%         1
 Ensorcelled Hibernation  Hex/Ice        0%         N/A       89%         2
 Lesser Beckoning         Tloc           0%         N/A       89%         2
 Passwall                 Tmut/Erth      0%         N/A       89%         2
 Poisonous Vapours        Pois/Air       0%         N/A       89%         2
 Sublimation of Blood     Necr           0%         N/A       89%         2
 Call Canine Familiar     Summ           0%         N/A       98%         3
 Gell's Gravitas          Tloc           0%         N/A       98%         3
 Mephitic Cloud           Conj/Pois/Air  0%         N/A       98%         3
 Summon Guardian Golem    Hex/Summ       0%         N/A       98%         3
 Swiftness                Air            0%         N/A       98%         3
 Teleport Other           Tloc           0%         N/A       98%         3
 Olgreb's Toxic Radiance  Pois           0%         N/A       100%        4
 Petrify                  Tmut/Erth      0%         N/A       100%        4
 Fireball                 Conj/Fire      0%         3d3       100%        5
 Freezing Cloud           Conj/Ice/Air   0%         6-21      100%        5
 Irradiate                Conj/Tmut      0%         3d11      100%        5
 Plasma Beam              Fire/Air       0%         2x1d11    100%        6
 Starburst                Conj/Fire      0%         6d3       100%        6


Dungeon Overview and Level Annotations

Branches:
Dungeon (15/15)            Temple (1/1) D:4            Lair (0/5) D:11
    Orc (2/2) D:12            Elf (0/3) Orc:2        Vaults (0/5) D:14
 Depths (0/4) D:15

Altars:
Ashenzari
Cheibriados
Dithmenos
Elyvilon
Fedhas
Gozag
Hepliaklqana
Kikubaaqudgha
Makhleb
Nemelex Xobeh
Okawaru
Qazlal
Ru
Sif Muna
Trog
Uskayaw
Vehumet
Wu Jian
Xom
Yredelemnul
Zin
The Shining One

Shops:
D:2 *[!   D:7 *   D:12 (   D:13 [[*   Orc:2 *

Portals:
Trove: D:13 (give +4 shadow dragon scales)

Annotations:
D:13 1 runed translucent door, LustLizard's ghost, journeyman GrEE
D:14 vault need fly+rc


Innate Abilities, Weirdness & Mutations

You are too large for most types of armour.
You have claws for hands.
Your natural rate of healing is unusually fast.
You are covered in fur. (AC +1)
You have tough skin. (AC +1)


Message History

The orc knight is heavily wounded.
You feel very sick. The orc priest barely misses you.
You block the orc knight's attack. The orc warrior barely misses you.
Unknown command.
You hit the orc knight but do no damage.
The orc knight is severely wounded.
You feel very sick. You block the orc priest's attack.
The orc knight barely misses you.
The orc warrior hits you with a +0 war axe!
* * * LOW HITPOINT WARNING * * *
Unknown command.
You barely miss the orc knight.
The orc knight is severely wounded.
You feel sick. The orc warrior barely misses you.
The orc priest hits you with a +0 whip.
* * * LOW HITPOINT WARNING * * *
The orc knight hits you with a +2 bardiche of venom.
* * * LOW HITPOINT WARNING * * *
You are more poisoned.
You thump the orc knight!
Lightning courses through the orc knight!
The orc knight is almost dead.
You feel very sick.
The orc warrior hits you with a +0 war axe!
* * * LOW HITPOINT WARNING * * *
The orc priest calls down the wrath of Beogh upon you.
Beogh smites you!
* * * LOW HITPOINT WARNING * * *
The orc knight hits you with a +2 bardiche of venom!!
* * * LOW HITPOINT WARNING * * *
You are lethally poisoned!
You barely miss the orc knight.
The orc knight is almost dead.
* * * LOW HITPOINT WARNING * * *
You feel very sick. You block the orc warrior's attack.
The orc priest looks encouraged for a moment.
The orc knight hits you with a +2 bardiche of venom!
You die...

..#.##............#....#####.....
....#.....#..............[......#
.................##..#...[[....##
..................#..#.......###.
#.................[).(......##...
#................))[.#.#....)....
....#......[.....<###............
#.##....)[[.....oo..#............
#.##....)<).....@o...............
.............................#...
.........).......#.#.........##..
..#........[.................##..
.......................#.....###.
......................#...#..###.
....#.................#...#...###
....#.................#...##.## #
...##..............#........## #


You could see an orc knight (very poisoned), an orc warrior (strong) and an orc
priest (strong).

Vanquished Creatures
  Gastronok (Orc:1)
  An ironbound preserver (D:14)
  A dire elephant (D:14)
  A fire dragon (D:14)
  Josephine (Orc:2)
  A rakshasa (D:15)
  A hydra (D:13)
  A death knight (D:12)
  2 catoblepae (D:14)
  3 centaur warriors
  6 two-headed ogres
  6 boulder beetles
  3 orc high priests
  3 tengu warriors
  A skeletal warrior (D:12)
  A deep elf pyromancer (D:7)
  5 orc sorcerers
  11 ugly things
  6 orc knights
  A mana viper (shapeshifter) (D:13)
  2 manticores
  A salamander (D:15)
  An oklob plant (D:11)
  7 cyclopes
  A smoke demon (D:9)
  2 gargoyles
  A komodo dragon (D:12)
  2 ice devils
  A red devil (D:9)
  2 kobold demonologists
  A yaktaur (D:15)
  12 trolls
  2 hornets
  Sigmund (D:3)
  18 slime creatures
  2 shadows
  2 water elementals
  2 wyverns
  A vampire (D:11)
  9 wraiths
  17 yaks
  A neqoxec (D:9)
  2 basilisks
  A chaos spawn (D:9)
  A steam dragon (D:10)
  8 vampire mosquitoes
  A redback simulacrum (D:14)
  An acid dragon (D:11)
  A warg (D:12)
  3 water moccasins
  3 black bears
  3 ice beasts (D:7)
  21 orc warriors
  A sky beast (D:6)
  6 ogres (Orc:2)
  12 centaurs
  7 kobold brigands
  Blork the orc (D:4)
  4 bullfrogs
  2 gnoll sergeants
  3 scorpions
  16 wights
  10 killer bees
  3 electric eels
  The ghost of nogood the Firebug, a weakling DsFE (D:3)
  4 howler monkeys
  3 quasits (D:9)
  15 jellies
  11 orc priests
  3 sleepcaps
  A hound (D:5)
  Crazy Yiuf (D:2)
  Jessica (D:3)
  Ijyb (D:3)
  4 iguanas
  31 orc wizards
  8 gnolls
  3 adders
  2 shadow imps
  2 white imps
  4 ufetubi
  3 worms
  2 dart slugs (D:4)
  75 orcs
  6 ball pythons
  21 endoplasms
  3 giant cockroaches
  12 goblins
  3 hobgoblins
  3 jackals (D:2)
  27 kobolds
  2 quokkas
  5 bats
  3 frilled lizards
  2 rats
516 creatures vanquished.

Vanquished Creatures (others)
  A centaur (D:15)
  An orc wizard (Orc:2)
2 creatures vanquished.

Grand Total: 518 creatures vanquished

Notes
Turn   | Place    | Note
-------+----------+-------------------------------------------
     0 | D:1      | cdecastro the Troll Fighter began the quest for the Orb.
     0 | D:1      | Reached XP level 1. HP: 22/22 MP: 0/0
    20 | D:1      | Reached skill level 2 in Maces & Flails
    90 | D:1      | Reached XP level 2. HP: 26/29 MP: 1/1
   365 | D:1      | Found a faded altar of an unknown god.
   409 | D:2      | Found Ohad's Antique Armour Shop.
   417 | D:2      | Found Xugelose's Distillery.
   469 | D:2      | Found a runed translucent door.
   470 | D:2      | Noticed Crazy Yiuf
   505 | D:2      | Bought a potion of curing for 42 gold pieces
   522 | D:2      | Reached XP level 3. HP: 36/36 MP: 2/2
   529 | D:2      | Found a snail-covered altar of Cheibriados.
   627 | D:2      | Found Waewasib's General Store.
   658 | D:2      | Bought a scroll of identify for 24 gold pieces
   711 | D:2      | Found Hext's Weapon Shop.
   924 | D:3      | Noticed Ijyb
   944 | D:3      | Killed Ijyb
   945 | D:3      | Reached skill level 3 in Maces & Flails
   945 | D:3      | Reached XP level 4. HP: 23/45 MP: 3/3
  1076 | D:3      | Noticed Sigmund
  1130 | D:3      | Noticed Jessica
  1135 | D:3      | Killed Jessica
  1213 | D:3      | Found a runed translucent gate.
  1213 | D:3      | Found a runed translucent gate.
  1214 | D:3      | Found a runed translucent gate.
  1219 | D:3      | Noticed nogood's ghost (weakling DsFE)
  1514 | D:3      | Killed Sigmund
  1515 | D:3      | Reached XP level 5. HP: 37/55 MP: 4/4
  1515 | D:3      | Reached XP level 6. HP: 43/63 MP: 5/5
  1658 | D:4      | Noticed Blork the orc
  1691 | D:4      | Killed Blork the orc
  1692 | D:4      | Reached skill level 4 in Maces & Flails
  1732 | D:4      | Reached skill level 5 in Fighting
  1788 | D:4      | Found a glowing golden altar of the Shining One.
  1944 | D:4      | Reached XP level 7. HP: 42/72 MP: 6/6
  2008 | D:4      | Became a worshipper of the Shining One
  2110 | D:4      | Found a glowing silver altar of Zin.
  2178 | D:4      | Found a staircase to the Ecumenical Temple.
  2199 | Temple   | Entered the Ecumenical Temple
  2888 | D:5      | Entered Level 5 of the Dungeon
  2904 | D:5      | Found a white marble altar of Elyvilon.
  3294 | D:5      | Identified the ring of Edouf {Wiz Fly Str+3 Int+4}
  3425 | D:6      | Reached skill level 5 in Maces & Flails
  3523 | D:6      | Reached XP level 8. HP: 68/84 MP: 7/7
  3795 | D:6      | Reached skill level 6 in Maces & Flails
  3996 | D:6      | Reached * piety under the Shining One
  4135 | D:6      | Reached skill level 1 in Invocations
  4366 | D:6      | Found a burning altar of Makhleb.
  4397 | D:6      | Reached XP level 9. HP: 91/96 MP: 9/9
  4817 | D:7      | Reached skill level 7 in Maces & Flails
  4861 | D:7      | Found Ixtuebij's Assorted Antiques.
  4870 | D:7      | Bought 2 scrolls labelled EFUHUI BIKURR for 46 gold pieces
  4870 | D:7      | Bought a purple potion for 20 gold pieces
  4870 | D:7      | Bought a fizzy dark potion for 20 gold pieces
  4986 | D:7      | Reached skill level 1 in Throwing
  5123 | D:7      | Noticed a deep elf pyromancer
  5123 | D:7      | Noticed a boulder beetle
  5123 | D:7      | Noticed a boulder beetle
  5130 | D:7      | Killed a deep elf pyromancer
  5131 | D:7      | Reached skill level 8 in Maces & Flails
  5163 | D:8      | Identified the +1 sling of the Seven Loafs {flame, Stlth+}
  5486 | D:8      | Found a stormy altar of Qazlal.
  5493 | D:8      | Reached XP level 10. HP: 104/104 MP: 12/12
  5526 | D:8      | Reached skill level 9 in Maces & Flails
  5530 | D:8      | Reached ** piety under the Shining One
  6014 | D:9      | Identified the +5 ring mail of the True Pharaoh {rF- Dex+4}
  6054 | D:9      | Found an ornate altar of the Wu Jian Council.
  6283 | D:9      | Noticed a two-headed ogre
  6295 | D:9      | Killed a two-headed ogre
  6296 | D:9      | Reached skill level 5 in Throwing
  6358 | D:9      | Noticed a smoke demon
  6389 | D:9      | Reached *** piety under the Shining One
  6502 | D:9      | Noticed a two-headed ogre
  6619 | D:9      | Reached skill level 10 in Maces & Flails
  6811 | D:9      | Killed a two-headed ogre
  6996 | D:9      | Killed a smoke demon
  6997 | D:9      | Reached XP level 11. HP: 88/111 MP: 13/13
  7107 | D:9      | Found a shimmering altar of Xom.
  7108 | D:9      | Found a bloodstained altar of Trog.
  7109 | D:9      | Found a blossoming altar of Fedhas.
  7110 | D:9      | Found an iron altar of Okawaru.
  7357 | D:7      | Killed a boulder beetle
  7453 | D:2      | Bought a potion of attraction for 36 gold pieces
  7453 | D:2      | Bought 2 potions of cancellation for 192 gold pieces
  7476 | D:2      | Bought a potion of magic for 112 gold pieces
  7476 | D:2      | Bought a potion of lignification for 42 gold pieces
  7517 | D:2      | Killed Crazy Yiuf
  7588 | D:3      | Killed nogood's ghost
  7936 | D:7      | Killed a boulder beetle
  7937 | D:7      | Reached skill level 5 in Invocations
  8030 | D:10     | Entered Level 10 of the Dungeon
  8075 | D:10     | Found an ancient bone altar of Kikubaaqudgha.
  8085 | D:10     | Noticed a two-headed ogre
  8095 | D:10     | Killed a two-headed ogre
  8319 | D:10     | Reached skill level 11 in Maces & Flails
  8676 | D:10     | Reached **** piety under the Shining One
  8981 | D:11     | Noticed an oklob plant
  9022 | D:11     | Found a staircase to the Lair.
  9443 | D:11     | Reached XP level 12. HP: 117/119 MP: 17/17
  9728 | D:12     | Found Emeff's Antique Weapon Emporium.
  9827 | D:12     | Noticed a two-headed ogre
  9834 | D:12     | Killed a two-headed ogre
 10008 | D:12     | Found a staircase to the Orcish Mines.
 10009 | D:12     | Reached ***** piety under the Shining One
 10080 | D:12     | Reached skill level 12 in Maces & Flails
 10374 | D:12     | Noticed a death knight
 10389 | D:12     | Killed a death knight
 10390 | D:12     | Reached skill level 10 in Invocations
 10421 | D:12     | Noticed a boulder beetle
 10430 | D:12     | Killed a boulder beetle
 10460 | D:12     | Noticed a boulder beetle
 10482 | D:12     | Killed a boulder beetle
 10754 | D:13     | Noticed a five-headed hydra
 10858 | D:13     | Found Sidee's Armour Emporium.
 10955 | D:13     | Found a runed translucent door.
 10955 | D:13     | Noticed LustLizard's ghost (journeyman GrEE)
 11107 | D:13     | Found Yruema's Armour Boutique.
 11109 | D:13     | Noticed a tengu warrior
 11109 | D:13     | Noticed a tengu warrior
 11128 | D:12     | Killed a tengu warrior
 11288 | D:13     | Found a transporter.
 11288 | D:13     | Found Georchoptitu's General Store.
 11312 | D:13     | Found a transporter.
 11328 | D:13     | Bought a scroll of torment for 104 gold pieces
 11328 | D:13     | Bought a ring of resist corrosion for 220 gold pieces
 11328 | D:13     | Bought a scroll of amnesia for 44 gold pieces
 11328 | D:13     | Bought a scroll of teleportation for 33 gold pieces
 11409 | D:13     | Killed a five-headed hydra
 11608 | D:13     | Found a portal to a secret trove of treasure.
 11650 | D:13     | Killed a tengu warrior
 11651 | D:13     | Reached XP level 13. HP: 107/127 MP: 20/20
 11713 | D:14     | Reached skill level 1 in Armour
 12211 | D:14     | Reached skill level 13 in Maces & Flails
 13025 | D:14     | Reached skill level 5 in Armour
 13200 | D:14     | Noticed an ironbound preserver
 13214 | D:14     | Killed an ironbound preserver
 13247 | D:14     | Found a gate to the Vaults.
 13293 | D:14     | Noticed a fire dragon
 13308 | D:14     | Killed a fire dragon
 13402 | D:14     | Found a shimmering altar of Xom.
 13404 | D:14     | Found an opulent altar of Gozag.
 13404 | D:14     | Found a stormy altar of Qazlal.
 13406 | D:14     | Found an iron altar of Okawaru.
 13406 | D:14     | Found an ornate altar of the Wu Jian Council.
 13406 | D:14     | Found a hide-covered altar of Uskayaw.
 13594 | D:15     | Entered Level 15 of the Dungeon
 13895 | D:15     | Found a staircase to the Depths.
 13895 | D:15     | Noticed a dire elephant
 13944 | D:14     | Killed a dire elephant
 14917 | D:11     | Reached XP level 14. HP: 136/136 MP: 21/21
 15041 | Orc:1    | Entered Level 1 of the Orcish Mines
 15127 | D:12     | Reached skill level 14 in Maces & Flails
 15249 | Orc:1    | You fall into a shaft and drop 1 floor!
 15249 | Orc:2    | Entered Level 2 of the Orcish Mines
 15578 | Orc:2    | Noticed Josephine
 15592 | Orc:2    | Killed Josephine
 15627 | Orc:1    | Noticed Gastronok
 15651 | Orc:1    | Found a radiant altar of Vehumet.
 15995 | Orc:1    | Killed Gastronok
 15996 | Orc:1    | Reached skill level 5 in Dodging
 16189 | Orc:2    | Noticed Sonja
 16201 | Orc:2    | Sonja changed into Sonja the black bear
 16201 | Orc:2    | Noticed Sonja
 16205 | Orc:2    | Killed Sonja the black bear
 16290 | Orc:2    | Found a staircase to the Elven Halls.
 16391 | Orc:2    | Found Siuphack's General Store.
 16405 | Orc:2    | Bought a scroll of enchant armour for 97 gold pieces
 17154 | Orc:2    | HP: 5/136 [poisoned by an orc knight]
 17154 | Orc:2    | Mangled by an orc knight

Illustrated notes

Levels and vault maps discovered:
D:1:      tarquinn_simple_flora_water_b, layout_rooms,
          dreamdust_ecumenical_altar_angels_and_demons
D:2:      layout_rooms, basic_altar, serial_shops, nicolae_shop_tiny_glass,
          nicolae_shop_tiny_waterfront, shop_statue, shop,
          uniq_crazy_yiuf_cottage
D:3:      layout_loops_ring, biasface_ghost_orc_armoury, uniq_ijyb,
          uniq_jessica, uniq_sigmund
D:4:      layout_basic, zin_statuary, lemuel_round_altar,
          minmay_temple_entry_grid, serial_co_window_serial, co_window_paths_a,
          co_window_paths_a, co_window_paths_a, co_window_paths_b,
          co_window_cross_1, co_window_paths_a, co_window_corner_b,
          co_window_2corner, co_window_corner_b, co_window_4corner_a,
          co_window_paths_d, glass_columns_c, minmay_strange_pillars,
          minmay_surrounded, uniq_blork_the_orc
D:5:      layout_rooms, nicolae_elyvilon_temple_path
D:6:      layout_gridville, mainiacjoe_overflow_alcove_2, minmay_manual_moon
D:7:      nzn_winding_woodlands_medium [nzn_winding_woodlands_5x5_checkerboard,
          nzn_winding_woodlands_5x15_pockets,
          nzn_winding_woodlands_5x5_open_star,
          nzn_winding_woodlands_5x5_perimeter,
          nzn_winding_woodlands_center_lodge, nzn_winding_woodlands_5x5_three,
          nzn_winding_woodlands_hourglass, nzn_winding_woodlands_5x15_zeroes,
          nzn_winding_woodlands_5x5_closed_star], layout_gridville,
          serial_shops, shop, kennysheep_nub
D:8:      layout_basic, mainiacjoe_overflow_paths
D:9:      layout_roguey, nicolae_wu_jian_wuxing_cycle,
          mainiacjoe_overflow_alcove_3, serial_demonic, serial_demonic_b,
          serial_demonic_d, serial_demonic_f, serial_demonic_d,
          serial_demonic_g, serial_demonic_d, minivault_22, grunt_ministairs_13
D:10:     layout_roguey, kiku_gazebo_garden_becter, nicolae_twisting_strands
D:11:     layout_cave_pools, dpeg_oklobed_lair, chequers_serial_rivers_small_b,
          uniq_snorg
D:12:     cheibrodos_barr_body, layout_basic, orc_0_dummy, serial_shops, shop,
          grunt_decor_clamped
D:13:     layout_cave_pools, serial_park, serial_park_fountain,
          serial_park_tiny_pond, serial_park_gazebo
          [serial_park_minivault_5x5_8], serial_park_square2, enter_trove_6,
          gammafunk_ghost_grave, serial_shops, shop, nicolae_shop_drivethru,
          shop
D:14:     lemuel_slime, layout_long_grid, skrybe_vaults_entry_preservation,
          doesnt_xom_only_xom, lemuel_freeze_loot_1
D:15:     hangedman_depths_entry_try_elsewhere_first, layout_loops_ring,
          minmay_misc_feat_tower, minivault_19
Temple:   nicolae_temple_bog_church
Orc:1:    layout_caves, basic_altar, uniq_gastronok
Orc:2:    grunt_orc_tribal_feast, layout_caves, serial_shops, shop,
          nooodl_orcs_dogs, uniq_josephine, uniq_sonja

Skill      XL: |  1  2  3  4  5  6  7  8  9 10 11 12 13 14 |
---------------+-------------------------------------------+-----
Maces & Flails | 2 3 4 5 6 8 10 11 12 13 14 | 14.5
Fighting       | 3 4 5 6 8 |  8.0
Invocations    | 2 4 8 11 | 11.5
Throwing       | 3 7 8 |  8.0
Armour         | 7 |  7.3
Dodging        | 6 |  6.1
Shields        | |  2.6

Action                     |  1- 3 |  4- 6 |  7- 9 | 10-12 | 13-15 || total
---------------------------+-------+-------+-------+-------+-------++-------
  Melee: Unarmed           |   103 |   128 |   135 |       |       ||   366
         Flail             |     7 |       |   222 |   648 |   629 ||  1506
         Whip              |       |       |    10 |       |       ||    10
         War axe           |       |       |       |       |     5 ||     5
  Throw: Dart              |       |       |     5 |    35 |    32 ||    72
         Large rock        |       |       |       |     3 |    14 ||    17
 Invoke: Divine Shield     |       |       |       |     6 |     4 ||    10
         Cleansing Flame   |       |       |       |     3 |     2 ||     5
  Evoke: Wand              |       |       |       |       |     2 ||     2
    Use: Scroll            |       |       |     1 |    21 |     1 ||    23
         Potion            |       |       |     1 |     2 |     2 ||     5
   Stab: Sleeping          |     1 |     1 |       |       |       ||     2
 Armour: Robe              |    34 |    47 |   151 |   164 |     1 ||   397
         Skin              |       |       |       |    16 |       ||    16
         Troll leather arm |       |       |       |    55 |   207 ||   262
  Dodge: Dodged            |    32 |    46 |   134 |   208 |   275 ||   695
  Block: Kite shield       |    31 |    45 |   146 |   317 |   276 ||   815
